 Dungeon Crawl Stone Soup version 0.14.1-22-g2730a98 (webtiles) character file.

309 DaftWullie the Cutter (level 6, 0/38 HPs)
             Began as a Kobold Berserker on June 7, 2014.
             Was a Believer of Trog.
             Slain by an orc
             ... wielding a +0,+0 flail
              (8 damage)
             ... on Level 3 of the Dungeon on June 10, 2014.
             The game lasted 00:20:02 (3336 turns).

DaftWullie the Cutter (Kobold Berserker)            Turns: 3336, Time: 00:20:02

HP   0/38        AC  6     Str 17      XL: 6   Next: 15%
MP   6/6         EV 12     Int  6      God: Trog [**....]
Gold 95          SH  0     Dex 15      Spells:  0 memorised,  5 levels left

rFire  . . .     SeeInvis .     a - +0 short sword
rCold  . . .     Clarity  .     d - +0 ring mail
rNeg   . . .     Conserve .     (no shield)
rPois  .         rCorr    .     (no helmet)
rElec  .         rRot     .     y - +0 cloak {MR+}
SustAb . .       Spirit   .     (no gloves)
rMut   .         Warding  .     (no boots)
Saprov + + .     Stasis   .     (no amulet)
MR     +....                    (no ring)
                                (no ring)

@: exhausted, slowed, very slow, somewhat resistant to hostile enchantments,
unstealthy
A: disease resistance, carnivore 3, saprovore 2
a: Burn Spellbooks, Berserk, Trog's Hand, Renounce Religion


You were on level 3 of the Dungeon.
You worshipped Trog.
Trog was pleased with you.
You were full.

You visited 1 branch of the dungeon, and saw 5 of its levels.

You collected 95 gold pieces.

Inventory:

Hand weapons
 a - a +0,+0 short sword (weapon)
 q - a +0,+0 falchion
 C - a +1,+3 short sword
Missiles
 s - 9 darts (quivered)
 u - 10 poisoned needles
 D - a silver dart
Armour
 b - a +0 animal skin
 d - a +0 ring mail (worn)
 m - a +0 leather armour
 t - a cursed +0 leather armour
 y - a +0 cloak of magic resistance (worn)
Magical devices
 x - a wand of magic darts (15)
Comestibles
 c - 2 meat rations
Scrolls
 f - 3 scrolls of identify {unknown}
 g - a scroll of amnesia {unknown}
 j - a scroll of remove curse {unknown}
 k - a scroll of enchant weapon I {unknown}
 l - a scroll of noise {unknown}
 p - 2 scrolls of recharging {unknown}
 r - a scroll of fear {unknown}
 v - a scroll of enchant weapon II {unknown}
 w - 2 scrolls of immolation {unknown}
 B - a scroll of teleportation {unknown}
Jewellery
 A - a +3 ring of evasion {unknown}
Potions
 e - 3 potions of curing
 h - 2 potions of invisibility {unknown}
 i - a potion of lignification {unknown}
 n - a potion of might {unknown}
 o - a potion of restore abilities {unknown}
 z - a potion of brilliance {unknown}


   Skills:
 + Level 3.8 Fighting
 * Level 6.4 Short Blades
 + Level 2.1 Throwing
 - Level 1.5 Armour
 + Level 4.2 Dodging
 + Level 1.1 Stealth


You had 5 spell levels left.
You didn't know any spells.

Dungeon Overview and Level Annotations

Branches:
Dungeon (5/15)
 Temple: D:4-7

Altars:
Ashenzari
Nemelex Xobeh
Yredelemnul


Innate Abilities, Weirdness & Mutations

You recuperate from illness quickly.
You are small and have problems with some larger weapons.
You are carnivorous and can eat meat at any time.
You can eat rotten meat.


Message History

You hit the orc but do no damage. The orc hits you but does no damage.
You hit the orc but do no damage. The orc hits you with a flail.
You hit the orc but do no damage. The orc hits you with a flail.
* * * LOW HITPOINT WARNING * * *
You hit the orc.
The orc is heavily wounded.
The orc closely misses you.
You hit the orc but do no damage.
The orc is heavily wounded.
The orc barely misses you.
You hit the orc but do no damage.
The orc is heavily wounded.
The orc hits you with a flail!
* * * LOW HITPOINT WARNING * * *
Drink which item? (? for menu, Esc to quit)
You feel better. The orc closely misses you.
You hit the orc but do no damage.
The orc is heavily wounded.
The orc hits you with a flail!
You die...

###.......# #.
#.....###.# #. #.#.#.#
##. #.#.#.# ####..
#.#.#.# #..... #.....# #
#.##.. ###.### #.#.###.
#####.#####.#.##..
#@o.>(...(........
#(##........#.##..
#######.##...(###.#.###.
#........####.# #.......
#...........# .#
#...#### .####(####.# .#
#....... ... ... .#
##.##### .g. .###.# #>#
#(.. # #. #.#


You could see an orc.

Vanquished Creatures
  Crazy Yiuf (D:2)
  A hound (D:4)
  An orc wizard (D:3)
  5 adders
  A giant mite (D:1)
  2 worms
  4 giant geckos
  An ooze (D:3)
  6 orcs (D:3)
  3 giant cockroaches
  5 goblins
  5 hobgoblins
  6 kobolds
  A quokka (D:2)
  10 bats
  A giant newt (D:2)
  8 rats
61 creatures vanquished.

Notes
Turn   | Place    | Note
--------------------------------------------------------------
     0 | D:1      | DaftWullie, the Kobold Berserker, began the quest for the Orb.
     0 | D:1      | Reached XP level 1. HP: 14/14 MP: 1/1
   150 | D:1      | Reached XP level 2. HP: 16/19 MP: 2/2
   583 | D:1      | Reached XP level 3. HP: 19/23 MP: 3/3
   802 | D:1      | Reached skill level 5 in Short Blades
  1131 | D:2      | Found a shattered altar of Ashenzari.
  1729 | D:2      | Acquired Trog's second power
  1738 | D:2      | Reached XP level 4. HP: 18/28 MP: 4/4
  2499 | D:2      | Noticed Crazy Yiuf
  2507 | D:2      | Killed Crazy Yiuf
  2507 | D:2      | Reached skill level 1 in Throwing
  2507 | D:2      | Reached XP level 5. HP: 33/33 MP: 5/5
  2679 | D:3      | Reached skill level 6 in Short Blades
  2844 | D:3      | Reached skill level 1 in Stealth
  3018 | D:5      | Entered Level 5 of the Dungeon
  3127 | D:4      | Found a sparkling altar of Nemelex Xobeh.
  3215 | D:4      | Found a basalt altar of Yredelemnul.
  3228 | D:4      | Reached XP level 6. HP: 20/38 MP: 6/6
  3336 | D:3      | Slain by an orc

Action                   |  1- 3 |  4- 6 || total
-------------------------+-------+-------++-------
Melee: Short sword       |   105 |   173 ||   278
Throw: Dart              |       |    48 ||    48
Invok: Berserk           |     2 |     5 ||     7
       Trog's Hand       |       |     1 ||     1
  Use: Potion            |       |     3 ||     3
